 Dungeon Crawl Stone Soup version 0.18.1-6-gd335043 (webtiles) character file.

68 M4edhros the Poker (level 4, -2/35 HPs)
             Began as a Formicid Fighter on May 20, 2016.
             Slain by a gnoll (6 damage)
             ... on level 3 of the Dungeon.
             The game lasted 00:00:53 (750 turns).

M4edhros the Poker (Formicid Fighter)                Turns: 750, Time: 00:00:53

Health: -2/35      AC:  6    Str: 25    XL:     4   Next: 41%
Magic:  4/4        EV:  8    Int:  8    God:
Gold:   127        SH: 10    Dex: 11    Spells: 0 memorised, 3 levels left

rFire  . . .     SeeInvis +     a - +0 trident
rCold  . . .     Gourm    .     b - +0 scale mail
rNeg   . . .     Faith    .     c - +0 shield
rPois  .         Spirit   .     (helmet unavailable)
rElec  .         Dismiss  .     (no cloak)
rCorr  .         Reflect  .     (no gloves)
SustAt .         Harm     .     (no boots)
MR     .....                    (no amulet)
Stlth  ..........               (no ring)
                                (no ring)

@: mighty, not resistant to hostile enchantments, extremely unstealthy
A: permanent stasis, dig shafts and tunnels, four strong arms, antennae 3
a: Dig, Shaft Self


You were on level 3 of the Dungeon.
You were not hungry.

You visited 1 branch of the dungeon, and saw 3 of its levels.

You collected 127 gold pieces.

Inventory:

Hand Weapons
 a - a +0 trident (weapon)
Armour
 b - a +0 scale mail (worn)
 c - a +0 shield (worn)
Scrolls
 e - 2 scrolls of identify {unknown}
 h - a scroll of fear {unknown}
 j - a scroll of teleportation {unknown}
Potions
 g - a potion of curing
 l - a potion of heal wounds {unknown}
 m - a potion of invisibility {unknown}
Comestibles
 f - 3 bread rations
 i - 2 meat rations
 k - a slice of pizza


   Skills:
 - Level 3.2 Fighting
 + Level 4.3 Polearms
 - Level 3.2 Armour
 - Level 3.6 Shields


You had 3 spell levels left.
You didn't know any spells.

Dungeon Overview and Level Annotations

Branches:
Dungeon (3/15)

Altars:
Cheibriados
Qazlal


Innate Abilities, Weirdness & Mutations

You are under a permanent stasis effect.
You can dig through walls and to a lower floor.
Your four strong arms can wield two-handed weapons with a shield.
You have a pair of large antennae on your head (SInv).


Message History

You hit the gnoll but do no damage.
The gnoll is moderately wounded.
The gnoll closely misses you. You block the gnoll's attack. The gnoll hits you.
You puncture the gnoll!
The gnoll is almost dead.
The gnoll hits you with a whip of holy wrath.
The gnoll hits you but does no damage. You block the gnoll's attack.
The gnoll hits you.
* * * LOW HITPOINT WARNING * * *
The gnoll barely misses you.
You puncture the gnoll!
You kill the gnoll!
The gnoll hits you but does no damage. You block the gnoll's attack.
The gnoll hits you with a whip of holy wrath!
* * * LOW HITPOINT WARNING * * *
Unknown command.
You closely miss the gnoll.
The gnoll is lightly wounded.
The gnoll closely misses you. The gnoll hits you.
You die...

. #.........#.#...........
...##....?....#<.......#..##
......$..........###.#.#..#
........#......#....>#.#..#
.......g#......#..##.#.#..#
......g.##....##..##.#.#..#
........##.g..##.###.......
....g....##)g##..........##
......... #@g##........#
......... ####...#######
.....#.#?[ ##.........
#..#.###### #.....#####
##......... #....##..
##...##.##..# #...##.##...


You could see 3 gnolls.

Vanquished Creatures
  A gnoll (D:3)
  2 adders
  2 dart slugs
  A giant gecko (D:2)
  A giant cockroach (D:1)
  9 goblins
  3 hobgoblins
  A jackal (D:1)
  5 kobolds
  3 bats
  2 giant newts
  3 rats
33 creatures vanquished.

Notes
Turn   | Place    | Note
--------------------------------------------------------------
     0 | D:1      | M4edhros the Formicid Fighter began the quest for the Orb.
     0 | D:1      | Reached XP level 1. HP: 18/18 MP: 1/1
    71 | D:1      | Reached XP level 2. HP: 24/24 MP: 2/2
    97 | D:1      | Reached skill level 3 in Polearms
   194 | D:1      | Reached XP level 3. HP: 29/29 MP: 3/3
   212 | D:2      | Found a stormy altar of Qazlal.
   385 | D:2      | Found a snail-covered altar of Cheibriados.
   691 | D:3      | Reached skill level 4 in Polearms
   691 | D:3      | Reached XP level 4. HP: 31/35 MP: 4/4
   750 | D:3      | Slain by a gnoll

Skill      XL: |  1  2  3 |
---------------+----------+-----
Polearms       | 3 4 |  4.3
Fighting       | |  3.2
Armour         | |  3.2
Shields        | |  3.6

Action                   |  1- 3 |  4- 6 || total
-------------------------+-------+-------++-------
Melee: Trident           |   120 |    11 ||   131
  Use: Potion            |       |     2 ||     2
Armor: Scale mail        |    41 |     3 ||    44
Dodge: Dodged            |    27 |     5 ||    32
Block: Shield            |    43 |     7 ||    50
